 Dungeon Crawl Stone Soup version 0.20-a0-522-g0b37eee (webtiles) character file.

79472 Klosterheim the Impaler (level 15, -2/198 HPs)
             Began as a Minotaur Fighter on Jan 26, 2017.
             Was the Champion of Hepliaklqana.
             Slain by an orc
             ... wielding a +0 falchion
              (5 damage)
             ... on level 1 of the Orcish Mines.
             The game lasted 01:02:24 (25167 turns).

Klosterheim the Impaler (Minotaur Fighter)         Turns: 25167, Time: 01:02:25

Health: -2/198     AC: 24    Str: 32    XL:     15   Next: 21%
Magic:  19/19      EV: 10    Int:  2    God:    Hepliaklqana [******]
Gold:   1367       SH:  0    Dex: 10    Spells: 10/14 levels left

rFire    + . .     SeeInvis +   e - +2 bardiche (pain)
rCold    + . .     Gourm    .   o - +2 scale mail {rF+}
rNeg     . . .     Faith    .   (shield currently unavailable)
rPois    .         Spirit   .   X - +3 hat of Synchronized Stabbing {+Inv MR+ Int-3 SInv}
rElec    .         Reflect  .   v - +0 cloak
rCorr    .         Harm     .   r - +1 pair of gloves
MR       ++...     Clarity  +   (no boots)
Stlth    ..........             D - amulet of rage
Regen    0.5/turn               n - ring of protection from cold
                                T - +3 ring of protection

@: berserking (expiring), very quick
A: retaliatory headbutt, reduced essence, beak, horns 2, molten scales 1,
clarity
a: Recall Ancestor, Ancestor Identity, Transference, Idealise, Renounce
Religion, Evoke Berserk Rage, Evoke Invisibility


You were on level 1 of the Orcish Mines.
You worshipped Hepliaklqana.
Hepliaklqana was exalted by your worship.
You were very hungry.

You visited 4 branches of the dungeon, and saw 21 of its levels.
You visited 1 bazaar.
You also visited: Ossuary.

You collected 2218 gold pieces.
You spent 608 gold pieces at shops.
You donated 243 gold pieces to Zin.

Inventory:

Hand Weapons
 e - a +2 bardiche of pain (weapon)
 R - a +1 halberd of flaming
Armour
 o - a +2 scale mail of fire resistance (worn)
 r - a +1 pair of gloves (worn)
 v - a +0 cloak (worn)
 A - a +0 plate armour
 X - the +3 hat of Synchronized Stabbing (worn) {+Inv MR+ Int-3 SInv}
   (You bought it in a shop on level 11 of the Dungeon)

   It affects your intelligence (-3).
   It affects your resistance to hostile enchantments.
   It lets you see invisible.
   It lets you turn invisible.
Jewellery
 b - an uncursed ring of ice
 n - a ring of protection from cold (right hand)
 D - an amulet of rage (around neck)
 S - an uncursed ring of ice
 T - a +3 ring of protection (left hand)
 U - an uncursed amulet of the gourmand {unknown}
Wands
 a - a wand of acid (3/15)
 h - a wand of acid (2/15)
 i - a wand of flame (37/48)
 t - a wand of disintegration (15/24)
 L - a wand of iceblast (6/15)
 O - a wand of confusion (22/48)
 P - a wand of flame (22/48)
 V - a wand of clouds (6/9)
Scrolls
 d - 5 scrolls of recharging
 g - 5 scrolls of teleportation
 j - 5 scrolls of enchant weapon
 p - 2 scrolls of amnesia
 q - 5 scrolls of enchant armour
 y - 8 scrolls of remove curse
 C - 2 scrolls of magic mapping
 G - a scroll of identify
 H - a scroll of blinking
 I - a scroll of fear
 K - a scroll of fog
Potions
 k - 4 potions of heal wounds
 m - 10 potions of curing
 s - 2 potions of flight
 u - a potion of resistance
 x - a potion of cancellation
 z - 2 potions of haste
 B - a potion of invisibility
 E - 3 potions of cure mutation
 F - 4 potions of lignification
 M - 2 potions of ambrosia
 N - a potion of might
 Q - 3 potions of agility
Books
 Y - a book of Minor Magic

   Spells                             Type                      Level
   a - Magic Dart                     Conjuration                  1
   b - Blink                          Translocation                2
   c - Call Imp                       Summoning                    2
   d - Repel Missiles                 Charms/Air                   2
   e - Slow                           Hexes                        2
   f - Conjure Flame                  Conjuration/Fire             3
   g - Mephitic Cloud                 Conjuration/Poison/Air       3
Miscellaneous
 W - a lamp of fire
Comestibles
 c - 7 meat rations
 f - 10 bread rations
 l - 32 royal jellies
 w - 19 fruits


   Skills:
 + Level 17.0 Fighting
 * Level 17.8 Polearms
 + Level 15.9 Armour
   Level 3.6 Shields
 - Level 7.3 Invocations
 - Level 6.1 Evocations


You had 10 spell levels left.
You knew the following spells:

 Your Spells              Type           Power        Failure   Level  Hunger
a - Blink                 Tloc           N/A          98%         2    ###....
b - Repel Missiles        Chrm/Air       #.....       98%         2    ###....


Dungeon Overview and Level Annotations

Branches:
Dungeon (12/15)            Temple (1/1) D:5            Lair (6/6) D:10
  Swamp (0/4) Lair:2       Spider (0/4) Lair:4        Slime (0/5) Lair:5
    Orc (2/2) D:12            Elf (0/3) Orc:2

Altars:
Ashenzari
Cheibriados
Dithmenos
Elyvilon
Fedhas
Gozag
Hepliaklqana
Kikubaaqudgha
Makhleb
Nemelex Xobeh
Okawaru
Qazlal
Ru
Sif Muna
Trog
Uskayaw
Vehumet
Xom
Yredelemnul
Zin
The Shining One

Shops:
D:11 (:*(   Orc:2 %!


Innate Abilities, Weirdness & Mutations

You reflexively headbutt those who attack you in melee.
You have a pair of horns on your head.
Your life essence is reduced. (-10% HP)
You have a beak for a mouth.
You are partially covered in molten scales. (AC +2)
You possess an exceptional clarity of mind.


Message History

* * * LOW HITPOINT WARNING * * *
You chop the orc knight into pieces!!!
You kill the orc knight!
You slice the orc knight!! You peck the orc knight.
The orc knight is heavily wounded.
The orc knight hits you with a battleaxe.
* * * LOW HITPOINT WARNING * * *
You slash the orc knight! You headbutt the orc knight!
You peck the orc knight, but do no damage.
The orc knight is almost dead.
The orc knight hits you with a battleaxe!!
* * * LOW HITPOINT WARNING * * *
You closely miss the orc knight.
The orc knight is almost dead.
You chop the orc knight into pieces!!!
You kill the orc knight!
You climb upwards.
You feel a strong urge to attack something.
The orc hits you with a falchion.
You die...

##.#..#.......##.####.....#
#..................##..#.###
##.........#...........###.##
##..............#...#...#...#
#...#.#..............#...#.##
##.#.#.#.............[.[##..##
##..............[......#....#
##...................##...##
###..###.#..[@...#.##.....#
######.)...o......#....## ##
##........#.....)....###.
#...............^........
##........................
#......##............##...
##.##.#####..####.#.####.#
###### #### ##### ###


You could see an orc.

Vanquished Creatures
  Gastronok (Lair:3)
  Snorg (Lair:6)
  Fannar (D:11)
  3 hydras
  A death knight (D:11)
  An orc high priest (Orc:2)
  3 two-headed ogres
  A soul eater (Orc:2)
  The ghost of Torious the Destroyer, a journeyman DECj of Sif Muna (Lair:4)
  The ghost of Chrigeo the Grappler, a novice TrTm of Dithmenos (D:7)
  A skeletal warrior (D:11)
  A sixfirhy (Orc:1)
  An unseen horror (D:12)
  Pikel (D:6)
  A lindwurm (Lair:6)
  A necromancer (Lair:3)
  The ghost of Yoshimo the Carver, a novice MiCK of Xom (D:6)
  2 wolf spiders (Lair:6)
  A phantasmal warrior (D:11)
  2 deep elf magi (Orc:1)
  A manticore (D:11)
  5 orc knights
  An ugly thing (D:11)
  2 orc sorcerers (Orc:2)
  A cyclops (D:11)
  9 black mambas
  A black mamba (shapeshifter) (D:10)
  Joseph (D:9)
  A guardian serpent (Lair:6)
  14 elephants
  An orange demon (Orc:2)
  12 spiny frogs
  A rust devil (Orc:2)
  3 gargoyles (D:10)
  2 torpor snails (Lair:6)
  3 centaur skeletons (D:11)
  5 komodo dragons
  2 rime drakes
  A freezing wraith (D:10)
  A hellwing (Orc:1)
  A queen bee (D:10)
  10 polar bears
  2 trolls
  2 hornets (Lair:6)
  2 raiju (Lair:6)
  20 blink frogs
  6 hippogriffs
  2 redbacks (Lair:6)
  6 wyverns
  A wraith (D:10)
  Sigmund (D:4)
  43 yaks
  A basilisk (D:10)
  A steam dragon (D:10)
  A hungry ghost (D:10)
  Menkaure (D:4)
  3 swamp worms (Lair:4)
  4 wargs
  22 water moccasins
  6 porcupines
  12 hell hounds (Lair:6)
  29 orc warriors
  A hornet zombie (D:10)
  A swamp drake (Orc:1)
  10 black bears
  38 wolves
  2 elephant zombies (Lair:3)
  An eye of draining (D:12)
  5 ice beasts
  A necrophage (D:9)
  4 sky beasts
  A phantom (D:12)
  A slave (D:6)
  11 ogres
  A centaur (D:9)
  14 crocodiles
  2 big kobolds (D:7)
  15 bullfrogs
  A water moccasin zombie (Ossuary)
  A hexer (Lair:6)
  3 scorpions
  16 killer bees
  10 wights (D:10)
  6 electric eels
  7 howler monkeys
  2 basilisk zombies (Lair:3)
  A centaur zombie (D:5)
  2 crimson imps
  5 jellies
  A quasit (D:9)
  4 hounds
  18 orc priests
  5 bullfrog skeletons
  2 iguanas
  An iron imp (Orc:1)
  19 orc wizards
  2 worker ants
  A big kobold zombie (Ossuary)
  A hound zombie (D:11)
  2 hound skeletons
  2 mummies (Ossuary)
  A gnoll (D:3)
  10 adders
  4 shadow imps
  A white imp (Orc:1)
  2 oozes
  5 adder zombies (Ossuary)
  An adder skeleton (D:7)
  19 worms
  2 leopard geckos
  67 orcs
  11 bats
  9 giant cockroaches
  A gnoll zombie (Ossuary)
  6 goblins
  7 hobgoblins
  4 jackals (D:1)
  5 quokkas
  2 ball pythons
  2 frilled lizards
  4 hobgoblin zombies (Ossuary)
  15 kobolds
  2 kobold zombies (Ossuary)
  10 orc zombies (Ossuary)
  A quokka zombie (D:5)
  2 rats (D:3)
  2 plants
684 creatures vanquished.

Vanquished Creatures (collateral kills)
  Urug (D:11)
  An orb spider (Lair:4)
  Maurice (D:10)
  A black mamba (Lair:6)
  An elephant (Lair:4)
  3 spiny frogs
  A komodo dragon (Lair:4)
  A polar bear (Lair:6)
  2 hippogriffs
  A blink frog (Lair:1)
  A redback (Lair:6)
  A yak (Lair:6)
  A wyvern (Lair:6)
  A warg (Lair:6)
  A hungry ghost (D:11)
  A swamp worm (Lair:4)
  A water moccasin (Lair:6)
  3 hell hounds (Lair:6)
  An ice beast (D:7)
  An orc warrior (Orc:2)
  A tengu (Lair:2)
  An elephant zombie (Lair:3)
  2 black bears (Lair:6)
  3 wolves (Lair:6)
  2 crocodiles
  A bullfrog (Lair:4)
  2 killer bees (D:10)
  5 orc priests
  A jelly (D:12)
  An iguana (D:12)
  2 orc wizards
  A worker ant (D:10)
  An adder (D:9)
  A shadow imp (Orc:1)
  A worm (Lair:4)
  12 orcs
  A plant (Lair:5)
63 creatures vanquished.

Vanquished Creatures (others)
  20 hexers
  2 ancestors
  An orc (Orc:1)
  21 fungi
  82 plants
126 creatures vanquished.

Grand Total: 873 creatures vanquished

Notes
Turn   | Place    | Note
-------+----------+-------------------------------------------
     0 | D:1      | Klosterheim the Minotaur Fighter began the quest for the Orb.
     0 | D:1      | Reached XP level 1. HP: 19/19 MP: 0/0
   443 | D:1      | Reached XP level 2. HP: 26/27 MP: 1/1
   950 | D:2      | Reached XP level 3. HP: 33/33 MP: 2/2
  1416 | D:2      | Reached XP level 4. HP: 41/41 MP: 3/3
  1440 | D:2      | Found a radiant altar of Vehumet.
  1514 | D:2      | Found a faded altar of an unknown god.
  1844 | D:2      | Became a worshipper of Zin the Law-Giver
  1844 | D:2      | Reached * piety under Zin
  1844 | D:2      | Reached ** piety under Zin
  1845 | D:2      | Donated 62 gold pieces to Zin
  1846 | D:2      | Donated 31 gold pieces to Zin
  2164 | D:3      | Reached skill level 5 in Polearms
  2261 | D:2      | Reached XP level 5. HP: 46/47 MP: 4/4
  2452 | D:3      | Reached skill level 5 in Fighting
  2797 | D:4      | Reached *** piety under Zin
  2883 | D:4      | Noticed Menkaure
  2887 | D:4      | Killed Menkaure
  2887 | D:4      | Reached XP level 6. HP: 57/57 MP: 5/5
  3000 | D:4      | Noticed Sigmund
  3010 | D:4      | Killed Sigmund
  3010 | D:4      | Reached XP level 7. HP: 27/64 MP: 6/6
  3346 | D:4      | Reached **** piety under Zin
  3544 | D:5      | Entered Level 5 of the Dungeon
  3547 | D:5      | Found a staircase to the Ecumenical Temple.
  3941 | D:5      | Reached ***** piety under Zin
  3989 | D:5      | Found a sand-covered staircase.
  3994 | Ossuary  | Entered an ossuary
  4157 | Ossuary  | Reached XP level 8. HP: 71/73 MP: 7/7
  4299 | D:5      | Donated 108 gold pieces to Zin
  4459 | D:5      | Reached skill level 10 in Polearms
  4603 | D:6      | Noticed Pikel
  4622 | D:6      | Killed Pikel
  4640 | D:6      | Noticed Yoshimo's ghost (novice MiCK)
  4669 | D:6      | Killed Yoshimo's ghost
  4669 | D:6      | Reached XP level 9. HP: 50/83 MP: 6/8
  5565 | Temple   | Entered the Ecumenical Temple
  5865 | Temple   | Fell from the grace of Zin
  5865 | Temple   | Became a worshipper of Hepliaklqana the Forgotten
  6111 | D:7      | Found a sparkling altar of Nemelex Xobeh.
  6111 | D:7      | Found a white marble altar of Elyvilon.
  6116 | D:7      | Found a glowing golden altar of the Shining One.
  6234 | D:7      | Noticed Chrigeo's ghost (novice TrTm)
  6517 | D:6      | Gained mutation: You possess an exceptional clarity of mind. [potion of beneficial mutation]
  6518 | D:6      | Gained mutation: You are partially covered in molten scales. (AC +2) [potion of beneficial mutation]
  6526 | D:7      | Reached skill level 10 in Fighting
  6771 | D:7      | Killed Chrigeo's ghost
  6771 | D:7      | Reached XP level 10. HP: 50/84 MP: 9/9
  7171 | D:8      | Noticed a two-headed ogre
  7176 | D:8      | Killed a two-headed ogre
  7185 | D:8      | Reached * piety under Hepliaklqana
  7345 | D:9      | Reached skill level 5 in Armour
  7434 | D:9      | Noticed Joseph
  7442 | D:9      | Killed Joseph
  7859 | D:10     | Entered Level 10 of the Dungeon
  8067 | D:10     | Reached skill level 10 in Armour
  8086 | D:10     | Reached ** piety under Hepliaklqana
  8087 | D:10     | Remembered your ancestor Hori as a hexer
  8110 | D:10     | Reached XP level 11. HP: 80/90 MP: 10/10
  8953 | D:10     | Found a staircase to the Lair.
  9008 | Lair:1   | Entered Level 1 of the Lair of Beasts
  9233 | Lair:1   | Reached *** piety under Hepliaklqana
  9869 | Lair:2   | Reached **** piety under Hepliaklqana
 10305 | Lair:2   | Found a staircase to the Swamp.
 11322 | Lair:2   | Noticed a five-headed hydra
 11338 | Lair:2   | Killed a two-headed hydra
 11338 | Lair:2   | Reached XP level 12. HP: 93/97 MP: 11/11
 11408 | Lair:2   | Reached skill level 15 in Armour
 12193 | Lair:3   | Found a basalt altar of Yredelemnul.
 12521 | Lair:3   | Noticed Gastronok
 12534 | Lair:3   | Killed Gastronok
 12534 | Lair:3   | Reached skill level 15 in Polearms
 12749 | Lair:3   | Gained mutation: You have a beak for a mouth. [potion of beneficial mutation]
 12873 | Lair:3   | Reached ***** piety under Hepliaklqana
 13144 | Lair:4   | Noticed Torious's ghost (journeyman DECj)
 13151 | Lair:4   | Killed Torious's ghost
 13225 | Lair:4   | Found a hole to the Spider Nest.
 14001 | Lair:5   | Found a staircase to the Slime Pits.
 14051 | Lair:5   | Reached XP level 13. HP: 84/107 MP: 12/12
 14225 | Lair:5   | Reached skill level 1 in Invocations
 15614 | Lair:6   | Entered Level 6 of the Lair of Beasts
 15631 | Lair:6   | Reached skill level 1 in Evocations
 15635 | Lair:6   | Reached skill level 5 in Invocations
 17126 | Lair:6   | Reached XP level 14. HP: 114/119 MP: 18/18
 17633 | Lair:6   | Reached skill level 15 in Fighting
 17994 | Lair:6   | Reached skill level 5 in Evocations
 18557 | Lair:6   | Identified a scroll of acquirement
 19111 | Lair:6   | Noticed Snorg
 19116 | Lair:6   | Killed Snorg
 19545 | D:11     | Found Ceacoeso's Weapon Shoppe.
 19592 | D:11     | Found a flickering gateway to a bazaar.
 19598 | D:11     | Noticed Urug
 19601 | Bazaar   | Entered a bazaar
 19604 | Bazaar   | Found Faok's Gadget Shop.
 19637 | Bazaar   | Found Juehuxon's General Store.
 19666 | Bazaar   | Found Niyl's Book Shop.
 19666 | Bazaar   | Found Vaden's Magic Scroll Boutique.
 19693 | Bazaar   | Bought a scroll of identify for 18 gold pieces
 19693 | Bazaar   | Bought a scroll of identify for 18 gold pieces
 19693 | Bazaar   | Bought a scroll of fear for 31 gold pieces
 19693 | Bazaar   | Bought a scroll of blinking for 67 gold pieces
 19987 | D:11     | Killed Urug
 20143 | D:11     | Found Weoni's General Store.
 20143 | D:11     | Noticed Fannar
 20182 | D:11     | Killed Fannar
 20221 | D:11     | Noticed Maurice
 20350 | D:10     | Found a staircase to the Lair.
 20427 | D:10     | Killed Maurice
 20587 | D:11     | Bought the +3 hat of Synchronized Stabbing {+Inv MR+ Int-3 SInv} for 474 gold pieces
 21244 | D:11     | Found Miusejoq's Book Boutique.
 21382 | D:11     | Found Maeru's Weapon Boutique.
 21701 | D:12     | Found a staircase to the Orcish Mines.
 21711 | Orc:1    | Entered Level 1 of the Orcish Mines
 21808 | Orc:1    | Found a dark tunnel.
 22164 | Orc:2    | Entered Level 2 of the Orcish Mines
 22207 | Orc:2    | Found a staircase to the Elven Halls.
 22543 | Orc:1    | Reached ****** piety under Hepliaklqana
 22938 | Orc:1    | Reached XP level 15. HP: 124/131 MP: 19/19
 22950 | Orc:1    | Learned a level 2 spell: Blink
 22953 | Orc:1    | Learned a level 2 spell: Repel Missiles
 23410 | Orc:2    | Found Pokk's Distillery.
 23411 | Orc:2    | Found Zistruut's Food Emporium.
 25163 | Orc:2    | HP: 2/198 [orc knight/battleaxe (22)]
 25167 | Orc:1    | Slain by an orc

Vault maps used:
D:1:      lemuel_arrival_hallway, minmay_door_square, roderic_filled_cross
D:2:      nicolae_overflow_hidden_temple, chequers_ecumenical_altar_island,
          minmay_misc_feat_room, minmay_pentomino_v4
D:3:      minmay_misc_feat_cross, cheibrodos_gnoll_hut
D:4:      serial_bayou_ford_a, uniq_menkaure, uniq_sigmund
D:5:      minmay_temple_entry_overgrown, first_bread, enter_ossuary_5,
          amethyst_killhole, hangedman_abyss_or_decor_stabs,
          supply_closet_lemuel
D:6:      uniq_pikel
D:7:      gammafunk_temple_overflow_claw
D:8:      serial_shops, nicolae_shop_trees, uniq_grum
D:9:      uniq_joseph
D:10:     minmay_lair_entry_grove, david_nohive_1,
          hangedman_abyss_or_decor_jellyfish_corner
D:11:     serial_shops, bzr_entry_water, shop_fountains, shop, shop,
          kennysheep_little_box, minivault_11, uniq_maurice, uniq_urug,
          uniq_fannar
D:12:     orc_0_dummy
Temple:   minmay_temple_bridge_d
Lair:2:   minmay_swamp_entry_eels, serial_bayou_pond_d
Lair:3:   pond_and_an_island_with_a_cottage, basic_altar, uniq_gastronok
Lair:4:   dummy_spider_entry, worms_lemuel
Lair:5:   slime_dummy, serial_bayou, serial_bayou_lake_a, serial_bayou_pond_d,
          serial_bayou_lagoon_a, serial_bayou_shore_b
Lair:6:   hangedman_lair_caniforms_friends, hangedman_lair_tendril_chambers,
          uniq_snorg
Orc:1:    nicolae_volcano_entry_two_sided, hangedman_minor_magic
Orc:2:    pf_orc_diabolical
Bazaar:   bazaar_jpeg_honeycomb
Ossuary:  ossuary_tomb_2

Skill      XL: |  1  2  3  4  5  6  7  8  9 10 11 12 13 14 15 |
---------------+----------------------------------------------+-----
Polearms       | 3 4 5 6 8 9 11 13 14 16 17 | 17.8
Fighting       | 4 5 6 7 9 10 12 14 16 17 | 17.0
Armour         | 10 14 15 | 15.9
Invocations    | 7 |  7.3
Evocations     | 3 6 |  6.1
Shields        | |  3.6

Action                   |  1- 3 |  4- 6 |  7- 9 | 10-12 | 13-15 || total
-------------------------+-------+-------+-------+-------+-------++-------
Melee: Trident           |    85 |    79 |       |       |       ||   164
       Headbutt          |    11 |    17 |    52 |   107 |   197 ||   384
       Halberd           |       |    18 |   303 |   613 |   633 ||  1567
       Glaive            |       |       |       |    68 |       ||    68
       Peck              |       |       |       |    17 |   176 ||   193
       Bardiche          |       |       |       |       |   473 ||   473
Invok: Donate Gold       |       |     2 |     1 |       |       ||     3
       Vitalisation      |       |       |     1 |       |       ||     1
       Ancestor Identity |       |       |     1 |     1 |       ||     2
       Ancestor Life: He |       |       |       |     1 |       ||     1
       Recall Ancestor   |       |       |       |     2 |     5 ||     7
       Idealise          |       |       |       |       |     3 ||     3
       Transference      |       |       |       |       |     3 ||     3
 Abil: Evoke Berserk Rag |       |       |       |       |     3 ||     3
Evoke: Wand              |       |       |       |     7 |     1 ||     8
  Use: Potion            |       |     2 |     4 |     2 |     3 ||    11
       Scroll            |       |       |    19 |     3 |    10 ||    32
 Stab: Confused          |       |       |       |     6 |    11 ||    17
       Distracted        |       |       |       |     2 |    13 ||    15
       Paralysed         |       |       |       |       |     1 ||     1
  Eat: Chunk             |     2 |     4 |     3 |    19 |    26 ||    54
       Meat ration       |       |       |     2 |     1 |     2 ||     5
       Royal jelly       |       |       |       |       |     1 ||     1
       Fruit             |       |       |       |       |     1 ||     1
Armor: Scale mail        |    20 |    31 |    64 |       |   140 ||   255
       Chain mail        |       |       |    35 |   230 |       ||   265
       Plate armour      |       |       |       |    69 |   519 ||   588
       Skin              |       |       |       |       |   104 ||   104
Dodge: Dodged            |    20 |    29 |    82 |   221 |   414 ||   766
Block: Shield            |    30 |    28 |       |       |       ||    58
